 Dungeon Crawl Stone Soup version 0.30-a0-23-ge60ba3568b (webtiles) character file.

Game seed: 937549749261273696

56825 rubashov the Fighter (level 15, -13/110 HPs)
             Began as a Djinni Fire Elementalist on Aug 23, 2022.
             Was a Follower of Okawaru.
             Mangled by a two-headed ogre
             ... wielding a +0 giant spiked club
              (28 damage)
             ... on level 13 of the Dungeon on Aug 24, 2022.
             The game lasted 02:00:50 (36114 turns).

rubashov the Fighter (Djinni Fire Elementalist)    Turns: 36114, Time: 02:00:51

Health: -13/110    AC: 13    Str:  7    XL:     15   Next: 23%
Gold:   284        EV: 10    Int: 29    God:    Okawaru [*.....] SH:  7 Dex: 19

rFire   + + .      SeeInvis .    H - +2 short sword (elec)
rCold   . . .      Faith    .    J - +0 buckler
rNeg    . . .      Spirit   .    Z - +1 scale mail "Valyosesk" {Will+ Regen+ Dex+4 Slay+2}
rPois   ∞          Reflect  .    m - +0 helmet
rElec   +          Harm     .    u - +0 cloak
rCorr   .          Rampage  .    v - +1 pair of gloves
Will    ++...                    (boots unavailable)
Stlth   +.........               (no amulet)
HPRegen 1.08/turn                a - ring of protection from cold
MPRegen 0.00/turn                z - ring "Ujin Wemn" {Wiz *Slow rElec rPois Int+6}

@: confusing by touch, flying, slowed, studying Shields, very slow
A: sickness immunity, fire resistance 2, cold vulnerability 1, float, innate
caster, HP casting, extra vitality 1
a: Renounce Religion, Heroism


You were on level 13 of the Dungeon.
You worshipped Okawaru.
Okawaru was aware of your devotion.
You visited 3 branches of the dungeon, and saw 19 of its levels.

You collected 1218 gold pieces.
You spent 934 gold pieces at shops.

Inventory:

Hand Weapons
 f - a +4 broad axe
 g - the +9 shortbow of the Queen {vorpal, Will++ Str-5 Dex+10}
   (You bought it in a shop on level 12 of the Dungeon)

   Any ammunition fired from it inflicts extra damage upon your enemies.
   Str:       It affects your strength (-5).
   Dex:       It affects your dexterity (+10).
   Will:      It greatly increases your willpower.
 H - a +2 short sword of electrocution (weapon)
Missiles
 e - 165 stones
 D - a throwing net
Armour
 b - the +0 ring mail of the Shore {rElec Will+ SInv}
   (You took it off an orc on level 9 of the Dungeon)

   rElec:     It insulates you from electricity.
   SInv:      It lets you see invisible.
   Will:      It increases your willpower.
 m - a +0 helmet (worn)
 u - a +0 cloak (worn)
 v - a +1 pair of gloves (worn)
 J - a +0 buckler (worn)
 S - the +1 robe of the Worm {rPois Int+6}
   (You found it on level 10 of the Dungeon)

   Int:       It affects your intelligence (+6).
   rPois:     It protects you from poison.
 Z - the +1 scale mail "Valyosesk" (worn) {Will+ Regen+ Dex+4 Slay+2}
   (You found it on level 12 of the Dungeon)

   Dex:       It affects your dexterity (+4).
   Slay:      It affects your accuracy & damage with ranged weapons and melee
   (+2).
   Regen:     It increases your rate of health regeneration.
   Will:      It increases your willpower.
Jewellery
 a - a ring of protection from cold (left hand)
 r - a ring of protection from fire
 z - the ring "Ujin Wemn" (right hand) {Wiz *Slow rElec rPois Int+6}
   (You bought it in a shop on level 8 of the Dungeon)

   [ring of wizardry]

   It improves your spell success rate.
   Int:       It affects your intelligence (+6).
   rElec:     It insulates you from electricity.
   rPois:     It protects you from poison.
   *Slow:     It may slow you when you take damage.
 B - a +4 ring of evasion
 W - a ring of resist corrosion
Wands
 w - a wand of polymorph (4)
 x - a wand of paralysis (10)
 y - a wand of mindburst (21)
 A - a wand of iceblast (17)
 K - a wand of flame (11)
 P - a wand of digging (4)
Scrolls
 C - 6 scrolls of teleportation
 I - a scroll of poison
 L - 6 scrolls of identify
 M - 2 scrolls of noise
 N - 2 scrolls of fear
 O - 4 scrolls of enchant armour
 Q - 2 scrolls of butterflies
 U - a scroll of summoning
 V - 2 scrolls of enchant weapon
Potions
 d - a potion of resistance
 h - 6 potions of mutation
 i - 8 potions of curing
 j - 2 potions of lignification
 k - 2 potions of brilliance
 n - 3 potions of magic
 o - 2 potions of ambrosia
 p - 2 potions of cancellation
 q - 4 potions of heal wounds
 s - 3 potions of might
 t - 2 potions of attraction
 T - a potion of berserk rage
 Y - a potion of invisibility {unknown}


   Skills:
 - Level 11.0 Fighting
 - Level 7.9(8.0) Short Blades
 - Level 1.0(5.0) Long Blades
 - Level 0.1 Axes
 - Level 0.1 Staves
 * Level 3.3 Ranged Weapons
 - Level 7.1 Armour
 - Level 9.0 Dodging
 - Level 1.5 Stealth
 - Level 10.0 Shields
 - Level 10.0 Spellcasting
 - Level 10.6 Invocations
 - Level 6.0 Evocations


You couldn't memorise any spells.
You knew the following spells:

 Your Spells              Type           Power      Damage    Failure   Level
a - Foxfire               Conj/Fire      100%       2x1d9     1%          1
b - Scorch                Fire           100%       2d10      1%          2
c - Conjure Flame         Conj/Fire      64%        6-21      1%          3
d - Inner Flame           Hex/Fire       64%        N/A       1%          3
e - Flame Wave            Conj/Fire      64%        2d15      2%          4
f - Slow                  Hex            100%       N/A       1%          1
g - Wereblood             Tmut           64%        N/A       1%          2
h - Confusing Touch       Hex            64%        N/A       1%          3
i - Leda's Liquefaction   Hex/Erth       32%        N/A       2%          4
j - Manifold Assault      Tloc           64%        N/A       8%          5
k - Alistair's Intoxicat  Tmut/Pois      42%        N/A       8%          5
l - Simulacrum            Ice/Necr       32%        N/A       36%         6
Your spell library was empty.

Dungeon Overview and Level Annotations

Branches:
Dungeon (13/15)            Temple (1/1) D:6            Lair (5/5) D:8
 Shoals (0/4) Lair:3       Spider (0/4) Lair:3        Slime (0/5) Lair:5
    Orc (0/2) D:12
 Vaults: D:13-14

Altars:
Ashenzari
Cheibriados
Dithmenos
Elyvilon
Fedhas
Gozag
Hepliaklqana
Makhleb
Nemelex Xobeh
Okawaru
Qazlal
Ru
Trog
Uskayaw
Wu Jian
Xom
Yredelemnul
Zin
The Shining One
Jiyva

Shops:
D:8 =   D:12 (


Innate Abilities, Weirdness & Mutations

You are immune to sickness and miasma.
You are immune to poison.
Your flesh is very heat resistant. (rF++)
You are vulnerable to cold. (rC-)
You float through the air rather than walking.
You learn spells naturally, not from books.
Your magical power is your life essence.
You have superior vitality. (+4 MHP)


Message History

Casting: Scorch (safe; 1% risk of failure)
Confirm with . or Enter, or press ? or * to list all spells.
Your hands begin to glow red.
The wind drake changes into a yak!
You hit the yak but do no damage. You hit the yak but do no damage.
The yak appears confused.
The yak gores the two-headed ogre.
You catch the helpless yak completely off-guard!
You puncture the yak!
The yak is moderately wounded.
The yak gores you!
You feel yourself slow down.
You hit the yak.
The yak is moderately wounded.
The yak gores you.
You hit the yak.
The yak is heavily wounded.
The yak changes into a jumping spider!
You hit the jumping spider.
The jumping spider is lightly wounded.
You block the jumping spider's attack. The jumping spider closely misses you.
Casting: Confusing Touch (safe; 1% risk of failure)
Confirm with . or Enter, or press ? or * to list all spells.
Okay, then.
Casting: Confusing Touch (safe; 1% risk of failure)
Confirm with . or Enter, or press ? or * to list all spells.
Your hands begin to glow red.
The jumping spider pounces on you!
You are caught in a web!
The jumping spider barely misses you.
The jumping spider leaps!
The web tears apart.
You block the two-headed ogre's attack.
The two-headed ogre hits you but does no damage.
You hit the two-headed ogre but do no damage.
The two-headed ogre is lightly wounded.
The two-headed ogre hits you with a +0 giant spiked club!
The two-headed ogre hits you with a +0 giant club!!
You hit the two-headed ogre but do no damage.
The two-headed ogre is lightly wounded.
The jumping spider leaps!
The two-headed ogre hits you with a +0 giant spiked club!!
* * * LOW HITPOINT WARNING * * *
The two-headed ogre hits you with a +0 giant club!!
You die...

...#
#...'........#.....#
...#
#...#........#.....#
...# ##..#........#
....# + ####
####........# ...# .+
#
#....○#######''#..###
#
#.....#..............
#
#.......[O.....^.....
#
######O#########..###
# #@..#Ro.. .+
#...#.....+ +
#..s#.....#
#...#.....#
##..#.....#
#.######### #}..#
##..# #...#


You could see a two-headed ogre and a jumping spider shaped shifter.

Vanquished Creatures
  A dire elephant (Lair:5)
  A fire dragon (Lair:5)
  4 hydras
  A catoblepas (Lair:5)
  A boulder beetle (D:12)
  4 two-headed ogres
  3 centaur warriors
  12 death yaks
  12 skeletal warriors
  A lindwurm (Lair:5)
  A necromancer (Lair:4)
  5 cyclopes
  A merfolk siren (Lair:3)
  4 black mambas
  5 elephants (Lair:2)
  9 cane toads
  3 molten gargoyles
  2 gargoyles (D:10)
  A torpor snail (Lair:3)
  An unseen horror (D:12)
  A komodo dragon (shapeshifter) (D:13)
  13 komodo dragons
  A rime drake (Lair:2)
  An efreet (D:13)
  A freezing wraith (D:13)
  2 polar bears
  2 trolls
  3 merfolk (Lair:3)
  A hornet (D:9)
  3 slime creatures (D:12)
  4 blink frogs (Lair:2)
  3 jumping spiders (Lair:3)
  4 wraiths
  6 wyverns (Lair:5)
  21 yaks
  3 culicivoras (Lair:3)
  A shadow (D:11)
  2 fire elementals (Lair:4)
  2 basilisks
  Grum (D:10)
  2 steam dragons
  4 redbacks (Lair:3)
  3 vampire mosquitoes
  4 wargs (D:12)
  2 acid dragons
  9 water moccasins
  Duvessa (D:4)
  4 hell hounds (Lair:5)
  2 ice beasts
  6 orc warriors
  2 sky beasts
  4 black bears
  An ogre (D:6)
  6 wolves
  A phantom (D:7)
  5 centaurs
  3 kobold brigands
  12 bullfrogs
  2 necrophages (D:5)
  4 scorpions
  A gnoll sergeant (D:9)
  Dowan (D:4)
  6 killer bees (D:8)
  2 electric eels (Lair:3)
  4 howler monkeys
  5 lava snakes (Lair:5)
  3 orc priests
  4 jellies
  Crazy Yiuf (D:3)
  3 gnoll boudas
  4 iguanas
  15 orc wizards
  6 polar bear simulacra (Lair:4)
  2 yak simulacra (Lair:4)
  2 wolf simulacra (Lair:4)
  6 adders
  19 gnolls
  2 white imps
  An ufetubus (D:5)
  5 worms
  A dart slug (D:3)
  47 orcs
  8 ball pythons
  6 bats
  5 endoplasms
  4 giant cockroaches
  12 goblins
  5 hobgoblins
  3 jackals (D:1)
  2 quokkas (D:1)
  2 frilled lizards (D:1)
  23 kobolds
  8 rats
  A river rat simulacrum (Lair:4)
  A bush (Lair:2)
444 creatures vanquished.

Vanquished Creatures (collateral kills)
  A hound (D:6)
1 creature vanquished.

Vanquished Creatures (others)
  A cane toad (Lair:3)
  A goblin (D:3)
  37 foxfires
  21 fungi
  60 plants
120 creatures vanquished.

Grand Total: 565 creatures vanquished

Notes
Turn   | Place    | Note
-------+----------+-------------------------------------------
     0 | D:1      | rubashov the Djinni Fire Elementalist began the quest for
                  | the Orb.
     0 | D:1      | rubashov set off with the following spells memorised:
                  | Foxfire, Scorch, Conjure Flame, Inner Flame, Flame Wave.
     0 | D:1      | Reached XP level 1. HP: 15/15 MP: 0/0
   172 | D:1      | Reached XP level 2. HP: 17/22 MP: 0/0
   283 | D:1      | Reached XP level 3. HP: 22/26 MP: 0/0
   283 | D:1      | Learned a level 1 spell: Slow
   969 | D:1      | Found a faded altar of an unknown god.
   986 | D:1      | Prayed at the altar of an unknown god.
   986 | D:1      | Became a worshipper of Elyvilon the Healer
   986 | D:1      | Reached * piety under Elyvilon
  1269 | D:1      | Reached XP level 4. HP: 31/31 MP: 0/0
  1740 | D:2      | Reached skill level 1 in Fighting
  1958 | D:2      | Reached ** piety under Elyvilon
  2463 | D:3      | Found a runed translucent door.
  2464 | D:3      | Noticed Crazy Yiuf
  2830 | D:3      | Reached XP level 5. HP: 27/37 MP: 0/0
  2830 | D:3      | Learned a level 2 spell: Wereblood
  3282 | D:3      | Killed Crazy Yiuf
  3464 | D:4      | Noticed a black bear
  3472 | D:4      | Killed a black bear
  3473 | D:4      | Reached skill level 1 in Invocations
  3473 | D:4      | Reached XP level 6. HP: 26/42 MP: 0/0
  3705 | D:4      | Found a sacrificial altar of Ru.
  4208 | D:4      | Reached *** piety under Elyvilon
  4370 | D:4      | Noticed Duvessa
  4781 | D:4      | Killed Duvessa
  4781 | D:4      | Noticed Dowan
  4782 | D:4      | Reached skill level 2 in Fighting
  4782 | D:4      | Reached XP level 7. HP: 38/49 MP: 0/0
  4782 | D:4      | Learned a level 3 spell: Confusing Touch
  4788 | D:4      | Killed Dowan
  4789 | D:4      | Reached skill level 5 in Spellcasting
  4959 | D:5      | Entered Level 5 of the Dungeon
  5316 | D:5      | Reached skill level 3 in Fighting
  5316 | D:5      | Reached XP level 8. HP: 36/56 MP: 0/0
  5547 | D:5      | Reached skill level 5 in Dodging
  6322 | D:6      | Reached **** piety under Elyvilon
  6327 | D:6      | Found a staircase to the Ecumenical Temple.
  6336 | Temple   | Entered the Ecumenical Temple
  6530 | D:6      | Found a hazy altar of Hepliaklqana.
  6577 | D:6      | Reached skill level 4 in Fighting
  7710 | D:7      | Reached XP level 9. HP: 46/64 MP: 0/0
  7710 | D:7      | Learned a level 4 spell: Leda's Liquefaction
  7908 | D:7      | Reached skill level 5 in Fighting
  8023 | D:7      | Reached ***** piety under Elyvilon
  8039 | D:7      | Reached skill level 5 in Invocations
  8159 | D:7      | Reached skill level 6 in Fighting
  8311 | D:7      | Reached skill level 1 in Long Blades
  8892 | D:8      | HP: 1/66 [kobold brigand/+0 short sword (6)]
  9191 | D:8      | Reached skill level 1 in Evocations
  9744 | D:8      | Found a staircase to the Lair.
  9861 | D:8      | Reached XP level 10. HP: 58/73 MP: 0/0
  9997 | D:8      | Found a snail-covered altar of Cheibriados.
 10293 | D:8      | Found Juokeel's One-of-a-Kind Rings.
 10422 | D:8      | Noticed a centaur warrior
 10433 | D:8      | Killed a centaur warrior
 10437 | D:8      | Reached skill level 7 in Fighting
 10658 | D:8      | Found a blossoming altar of Fedhas.
 11991 | D:9      | Reached skill level 1 in Shields
 12401 | D:9      | Identified the +0 ring mail of the Shore {rElec Will+ SInv}
 12959 | Lair:1   | Entered Level 1 of the Lair of Beasts
 12980 | Lair:1   | Reached ****** piety under Elyvilon
 12983 | Lair:1   | Noticed a komodo dragon
 13003 | Lair:1   | Killed a komodo dragon
 13124 | Lair:1   | Reached skill level 1 in Armour
 13124 | Lair:1   | Reached XP level 11. HP: 78/81 MP: 0/0
 13124 | Lair:1   | Learned a level 5 spell: Manifold Assault
 13172 | Lair:1   | Reached skill level 8 in Fighting
 13592 | Lair:1   | Reached skill level 5 in Shields
 14337 | Lair:2   | Found a hazy altar of Hepliaklqana.
 14522 | Lair:2   | Reached skill level 5 in Armour
 14791 | Lair:2   | Noticed an elephant
 14791 | Lair:2   | Noticed an elephant
 14792 | Lair:2   | Noticed an elephant
 14860 | Lair:2   | Killed an elephant
 15326 | Lair:2   | Noticed an elephant
 15326 | Lair:2   | Noticed an elephant
 15344 | Lair:2   | Killed an elephant
 15353 | Lair:2   | Killed an elephant
 15358 | Lair:2   | Killed an elephant
 15710 | Lair:2   | Reached XP level 12. HP: 64/86 MP: 0/0
 15836 | Lair:2   | Identified the ring of Valuewec {rPois Will- MP+9 Str+2
                  | Int+2}
 16305 | D:8      | Bought the ring "Ujin Wemn" {Wiz *Slow rElec rPois Int+6}
                  | for 662 gold pieces
 16388 | Lair:3   | Noticed a four-headed hydra
 16429 | Lair:3   | Pacified a four-headed hydra
 17059 | Lair:3   | Found a staircase to the Shoals.
 18294 | Lair:3   | Found a hole to the Spider Nest.
 18320 | Lair:3   | Reached skill level 9 in Fighting
 19306 | Lair:4   | Noticed a death yak
 19306 | Lair:4   | Noticed a death yak
 19306 | Lair:4   | Noticed a death yak
 19317 | Lair:4   | Killed a death yak
 19528 | Lair:4   | Killed a death yak
 19529 | Lair:4   | Reached XP level 13. HP: 55/95 MP: 0/0
 19529 | Lair:4   | Learned a level 5 spell: Alistair's Intoxication
 20386 | Lair:4   | Reached skill level 10 in Fighting
 20386 | Lair:4   | Reached skill level 10 in Shields
 20886 | Lair:4   | Reached skill level 10 in Invocations
 20886 | Lair:4   | Reached skill level 1 in Short Blades
 22134 | Lair:4   | Reached skill level 5 in Short Blades
 22681 | Lair:5   | Entered Level 5 of the Lair of Beasts
 23491 | Lair:5   | Found a viscous altar of Jiyva.
 23493 | Lair:5   | Found a staircase to the Slime Pits.
 23864 | Lair:5   | Noticed a dire elephant
 23900 | Lair:5   | Killed a dire elephant
 24688 | Lair:5   | Noticed a catoblepas
 24705 | Lair:5   | Killed a catoblepas
 24958 | Lair:5   | Reached XP level 14. HP: 57/103 MP: 0/0
 25263 | Lair:5   | Upgraded the game from 0.30-a0-12-gd8047c6341 to
                  | 0.30-a0-23-ge60ba3568b
 25848 | Lair:5   | Found a large runed translucent door.
 25945 | Lair:5   | Found a large runed translucent door.
 27534 | D:10     | Entered Level 10 of the Dungeon
 29244 | D:10     | Noticed Maurice
 29245 | D:10     | Noticed Maurice
 29245 | D:10     | Maurice changed into Maurice the water moccasin
 29257 | D:10     | Killed Maurice the water moccasin
 29279 | D:10     | Identified the +1 robe of the Worm {rPois Int+6}
 29489 | D:10     | Noticed Grum
 29508 | D:10     | Killed Grum
 31081 | D:10     | Reached skill level 5 in Evocations
 32942 | D:12     | Identified the +1 scale mail "Valyosesk" {Will+ Regen+
                  | Dex+4 Slay+2}
 33296 | D:12     | Reached skill level 10 in Spellcasting
 33447 | D:12     | Found Giawos's Antique Weapon Emporium.
 33526 | D:12     | Bought a pitted shortbow for 272 gold pieces
 33526 | D:12     | Identified the +9 shortbow of the Queen {vorpal, Will++
                  | Str-5 Dex+10} (You bought it in a shop on level 12 of the
                  | Dungeon)
 33822 | D:12     | Reached XP level 15. HP: 107/109 MP: 0/0
 33822 | D:12     | Learned a level 6 spell: Simulacrum
 33995 | Temple   | Fell from the grace of Elyvilon
 33995 | Temple   | Became a worshipper of Warmaster Okawaru
 34819 | D:11     | Reached skill level 1 in Ranged Weapons
 35098 | D:11     | Reached skill level 11 in Fighting
 35171 | D:12     | Found a staircase to the Orcish Mines.
 35445 | D:13     | Reached * piety under Okawaru
 36114 | D:13     | Mangled by a two-headed ogre

Illustrated notes

Levels and vault maps discovered:
D:1:      scummos_arrival_simple_fountains, layout_loops_ring, serial_forest,
          infiniplex_forest_corner_2, infiniplex_forest_straight_2,
          infiniplex_forest_end_2, infiniplex_forest_straight_3,
          infiniplex_forest_zigzag_1, hellmonk_ecumenical_altar_slurped_away
D:2:      layout_rooms
D:3:      layout_rooms, serial_aquarium, aquarium_bridge_square
          [aquarium_subvault_bridge, aquarium_subvault_bridge,
          aquarium_subvault_window, aquarium_subvault_bridge],
          aquarium_window_1, aquarium_window_1, aquarium_view_2c,
          aquarium_pool_2, uniq_crazy_yiuf_cottage
D:4:      dreamdust_elfheim, layout_layer_cave,
          mainiacjoe_overflow_surrounded_room, nicolae_overflow_hidden_temple,
          uniq_duvessa
D:5:      layout_loops_ring
D:6:      layout_loops_corners, mainiacjoe_overflow_alcove_2,
          minmay_temple_entry_statues_pillars, nicolae_benzene_ring
D:7:      layout_basic
D:8:      layout_layer_cave, kennysheep_mini_moat, fedhas_altar_2,
          grunt_lair_entry_orc_guard_hut, nicolae_shop_unique_rings,
          minmay_misc_feat_tower, minmay_manual_mail
D:9:      layout_stronghold, serial_glass, glass_columns_b, glass_columns_b
D:10:     layout_layer_cave, dreamdust_gnoll_shepherd, uniq_grum, uniq_maurice
D:11:     layout_grid_maze
D:12:     layout_cave_pods, minmay_orc_entry_guard_dogs, serial_shops,
          nicolae_inconvenience_store, minmay_fractal_squares_diagonal_5
D:13:     layout_gridville, skrybe_vaults_entry_preservation
Temple:   minmay_temple_bridge_d
Lair:1:   layout_long_grid
Lair:2:   layout_gridlike, lemuel_altar_in_water2,
          chequers_serial_rivers_room_b, disabler_island, lemuel_fruit_fields
Lair:3:   layout_gridlike, elwin_shoals_entry_stream,
          nicolae_spider_entry_tight_spaces, serial_bayou_lake_a
Lair:4:   layout_gridlike, eino_house_with_fridge
Lair:5:   cheibrodos_lair_end_hotspot, layout_cave_pods, slime_entry_1,
          nicolae_lair_grazing_beasts [nicolae_sub_lair_graze_edge,
          nicolae_sub_lair_graze_edge, nicolae_sub_lair_graze_edge,
          nicolae_sub_lair_graze_edge], serial_bayou_shore_b

Skill      XL: |  1  2  3  4  5  6  7  8  9 10 11 12 13 14 15 |
---------------+----------------------------------------------+-----
Spellcasting   | 3 4 5 6 7 8 10 | 10.0
Fighting       | 1 2 3 4 6 7 8 9 10 11 | 11.0
Dodging        | 3 4 6 8 9 |  9.0
Invocations    | 1 2 4 5 7 8 9 10 | 10.6
Long Blades    | 1 |  1.0
Evocations     | 2 4 5 6 |  6.0
Shields        | 2 6 9 10 | 10.0
Armour         | 1 5 6 7 |  7.1
Short Blades   | 7 |  7.9
Ranged Weapons | 3 |  3.3
Axes           | |  0.1
Staves         | |  0.1
Stealth        | |  1.5

Action                   |  1- 3 |  4- 6 |  7- 9 | 10-12 | 13-15 || total
-------------------------+-------+-------+-------+-------+-------++-------
Melee: Unarmed           |     9 |       |       |       |       ||     9
       Short sword       |    64 |    34 |    32 |   290 |   598 ||  1018
       Dagger            |       |   107 |   140 |       |       ||   247
       Punch             |       |     1 |     1 |     1 |       ||     3
 Cast: Foxfire           |    16 |       |     1 |       |     5 ||    22
       Scorch            |     2 |    35 |    93 |   232 |   316 ||   678
       Slow              |       |     4 |     7 |     7 |    23 ||    41
       Conjure Flame     |       |     1 |     7 |    20 |    52 ||    80
       Wereblood         |       |     1 |     2 |     1 |       ||     4
       Confusing Touch   |       |       |     5 |    21 |    43 ||    69
       Flame Wave        |       |       |     2 |    10 |     4 ||    16
       Leda's Liquefacti |       |       |       |       |    13 ||    13
Invok: Heal Self         |       |       |     1 |     5 |     2 ||     8
       Heal Other        |       |       |       |     1 |     1 ||     2
Evoke: Wand              |       |       |       |     6 |     2 ||     8
  Use: Scroll            |       |       |    15 |     9 |     8 ||    32
       Potion            |       |       |     1 |       |       ||     1
 Stab: Sleeping          |     4 |     1 |     2 |       |     1 ||     8
       Confused          |       |       |     6 |    14 |    46 ||    66
Armor: Robe              |    26 |    16 |    34 |     8 |     9 ||    93
       Leather armour    |       |    13 |    21 |       |       ||    34
       Ring mail         |       |       |       |   111 |    94 ||   205
       Scale mail        |       |       |       |       |    41 ||    41
Dodge: Dodged            |    59 |    84 |   136 |   207 |   216 ||   702
Block: Buckler           |       |       |       |    74 |   139 ||   213

Table legend: (Time is in decaauts)
 A = Elapsed time spent in this place.
 B = Non-inter-level travel time spent in this place.
 C = Inter-level travel time spent in this place.
 D = Time resting spent in this place.
 E = Time spent auto-exploring this place.
 F = Levels seen in this place.
 G = Mean time per level.
                   A        B        C        D        E       F      G
               +--------+--------+--------+--------+--------+-----+--------+
         Total |  36166 |  33960 |   2206 |  14332 |  13426 |  19 | 1903.5 |
       Dungeon |  21516 |  19976 |   1540 |   6477 |   9866 |  13 | 1655.1 |
        Temple |    183 |    114 |     69 |      0 |    103 |   1 |  183.0 |
          Lair |  14466 |  13871 |    595 |   7855 |   3457 |   5 | 2893.2 |
               +--------+--------+--------+--------+--------+-----+--------+

Top non-repeatable levels by time:
  Lair:4: 4381 daAuts
  Lair:5: 3906 daAuts
    D:11: 2973 daAuts
    D:10: 2848 daAuts
  Lair:3: 2757 daAuts
     D:8: 2167 daAuts
     D:9: 2083 daAuts
    D:12: 1927 daAuts
  Lair:1: 1831 daAuts
  Lair:2: 1589 daAuts
     D:4: 1567 daAuts
     D:1: 1427 daAuts
     D:7: 1358 daAuts
     D:6: 1356 daAuts
     D:3: 1253 daAuts
